 Dungeon Crawl Stone Soup version 0.25-a0-565-g8875c97ebb (webtiles) character file.

Game seed: 2313256939854585288, levelgen mode: deterministic

118 Irikuri the Slasher (level 4, -9/41 HPs)
             Began as a Minotaur Monk on Feb 26, 2020.
             Killed from afar by an electric eel (11 damage)
             ... with a bolt of electricity
             ... on level 3 of the Dungeon.
             The game lasted 00:09:18 (1518 turns).

Irikuri the Slasher (Minotaur Monk)                 Turns: 1518, Time: 00:09:19

Health: -9/41      AC:  2    Str: 16    XL:     4   Next: 72%
Magic:  3/3        EV: 14    Int:  7    God:
Gold:   52         SH:  0    Dex: 13    Spells: 3/3 levels left

rFire    . . .     SeeInvis .   j - +2 falchion (holy)
rCold    . . .     Gourm    .   (no shield)
rNeg     . . .     Faith    .   b - +0 robe
rPois    .         Spirit   .   (helmet restricted)
rElec    .         Reflect  .   (no cloak)
rCorr    .         Harm     .   (no gloves)
MR       .....                  (no boots)
Stlth    ++........             (no amulet)
HPRegen  0.13/turn              (no ring)
MPRegen  0.08/turn              (no ring)

@: lightly drained
A: retaliatory headbutt, horns 2
a: no special abilities


You were on level 3 of the Dungeon.
You were not hungry.

You visited 1 branch of the dungeon, and saw 3 of its levels.

You collected 52 gold pieces.

Inventory:

Hand Weapons
 a - a +1 falchion
 j - a +2 falchion of holy wrath (weapon)
Armour
 b - a +0 robe (worn)
Magical Staves
 i - an uncursed staff of poison
Wands
 l - a wand of flame (26)
Scrolls
 d - 2 scrolls of teleportation
 h - a scroll of fear {unknown}
 k - a scroll of remove curse
Potions
 e - a potion of curing
 g - a potion of resistance {unknown}
Comestibles
 c - a ration


   Skills:
 + Level 4.5(4.3) Fighting
 + Level 4.6(4.4) Long Blades
 + Level 0.5(0.3) Staves
 + Level 4.3(4.1) Dodging
 + Level 2.2(2.0) Stealth


You had 3 spell levels left.
You didn't know any spells.
Your spell library was empty.

Dungeon Overview and Level Annotations

Branches:
Dungeon (3/15)

Altars:
Cheibriados

Annotations:
D:3 1 transporter


Innate Abilities, Weirdness & Mutations

You reflexively headbutt those who attack you in melee.
You have a pair of horns on your head.


Message History

The bolt of electricity hits the plant.
There is an open door here.
You start resting.
All of the chunks of flesh in your inventory have rotted away.
You are feeling hungry.
You start resting.
The orc shouts!
The goblin shouts!
The orc shouts!
HP restored.
You eat one of the 2 rations.
That ration really hit the spot!
The electric eel shoots out a bolt of lightning at you!
The bolt of electricity hits you! x2; The bolt of electricity hits the plant!
There is an open door here.
The electric eel shoots out a bolt of lightning at you!
The bolt of electricity hits you!
* * * LOW HITPOINT WARNING * * *
The electric eel shoots out a bolt of lightning at you!
The bolt of electricity hits you!
You die...

##.....#....©.....###≈....≈..
#####..(...#.#######..#♣≈.≈...≈..
......#.#'##.#8.©.8#..#####.#....
#####...#.##.#P...P#..# #......
#####.###.##.###'###..# ###....
......<...##.#;...≈#o.# #.##.
######..####.#≈...≈#g.# #.##. #
#..####.#;...≈#..#######.##. .
........#≈.@.≈#o............ #
#..##...#≈...≈#.###.##.#####
#.≈##...#≈...≈#.# #.##...
#.≈≈#...#≈...≈#.# ..##...# #
#≈.≈≈...###+###.#.####.#.#
≈...#P.$.P#.#. #.≈≈≈
≈≈..#8.©.8#.# ≈≈≈≈≈≈
#≈..#######.# .≈≈ ≈≈≈


You could see 2 electric eels, 2 orcs and a goblin.

Vanquished Creatures
  A centaur skeleton (D:3)
  5 adders
  A dart slug (D:2)
  4 orcs (D:3)
  5 bats
  3 giant cockroaches (D:1)
  3 goblins
  5 hobgoblins
  4 jackals (D:1)
  A kobold (D:1)
  A ball python (D:1)
  A frilled lizard (D:1)
  3 rats
37 creatures vanquished.

Notes
Turn   | Place    | Note
-------+----------+-------------------------------------------
     0 | D:1      | Irikuri the Minotaur Monk began the quest for the Orb.
     0 | D:1      | Reached XP level 1. HP: 19/19 MP: 0/0
   129 | D:1      | Reached XP level 2. HP: 21/27 MP: 1/1
   437 | D:2      | Reached XP level 3. HP: 24/33 MP: 2/2
   450 | D:2      | Found a snail-covered altar of Cheibriados.
   805 | D:2      | Reached XP level 4. HP: 40/41 MP: 3/3
  1031 | D:3      | Found a transporter.
  1138 | D:3      | Found a transporter.
  1516 | D:3      | HP: 2/41 [electric eel/bolt of electricity (16)]
  1518 | D:3      | Killed from afar by an electric eel

Levels and vault maps discovered:
D:1:      dpeg_arrival_ternary, layout_basic, interstate_on_off, chequers_jeans,
          palyth_stone_intersect
D:2:      layout_loops_ring, kennysheep_slug_shrine, roderic_roman_lattice,
          grunt_ministairs_10
D:3:      gammafunk_steamed_eel, layout_basic, serial_rivers,
          chequers_serial_rivers_marsh, chequers_serial_rivers_micro_e,
          chequers_serial_rivers_large_a, chequers_serial_rivers_marsh,
          chequers_serial_rivers_small_b, chequers_serial_rivers_small_3,
          first_ration, uniq_terence

Skill      XL: |  1  2  3  4 |
---------------+-------------+-----
Fighting       | 4 |  4.5
Long Blades    | 4 |  4.6
Dodging        | 4 |  4.3
Stealth        | 2 |  2.2
Staves         | |  0.5

Action                   |  1- 3 |  4- 6 || total
-------------------------+-------+-------++-------
Melee: Falchion          |    58 |     4 ||    62
       Headbutt          |     8 |     9 ||    17
       Staff             |       |    31 ||    31
  Use: Potion            |     2 |       ||     2
       Scroll            |     5 |     3 ||     8
 Stab: Sleeping          |     3 |     2 ||     5
  Eat: Ration            |       |     1 ||     1
       Chunk             |       |     1 ||     1
Armor: Robe              |    12 |     4 ||    16
Dodge: Dodged            |    50 |    22 ||    72
       Rpst.: Falchion   |    16 |       ||    16

Table legend:
 A = Non-vault XP
 B = Vault XP
 C = Vault XP percentage of total XP
 D = Non-vault monster count
 E = Vault monster count
 F = Vault count percentage of total count
                 A         B        C        D         E       F
            +---------+---------+-------+---------+---------+-------
      Total |     161 |       8 |   4.7 |      34 |       3 |   8.1
            +---------+---------+-------+---------+---------+-------
        D:1 |      32 |       0 |   0.0 |      18 |       0 |   0.0
        D:2 |      62 |       8 |  11.4 |      10 |       3 |  23.1
        D:3 |      67 |       0 |   0.0 |       6 |       0 |   0.0
            +---------+---------+-------+---------+---------+-------
